 Dungeon Crawl Stone Soup version 0.19.1-1-g22dce08 (webtiles) character file.

873 timez0r the Cleaver (level 7, 0/57 HPs)
             Began as a Minotaur Berserker on Dec 31, 2016.
             Was an Elder of Trog.
             Slain by an orc warrior
             ... wielding a +0 long sword
              (16 damage)
             ... on level 7 of the Dungeon.
             The game lasted 00:15:21 (5436 turns).

timez0r the Cleaver (Minotaur Berserker)            Turns: 5436, Time: 00:15:22

Health: 0/57       AC: 11    Str: 22    XL:     7   Next: 74%
Magic:  6/6        EV:  7    Int: 11    God:    Trog [****..]
Gold:   386        SH:  3    Dex: 10    Spells: 0 memorised, 6 levels left

rFire  x . .     SeeInvis +     a - +1 hand axe
rCold  + . .     Gourm    .     w - +0 chain mail
rNeg   . . .     Faith    .     b - +0 buckler
rPois  .         Spirit   .     (helmet restricted)
rElec  .         Reflect  .     y - +0 cloak of Hairiness {Int+6 Stlth+}
rCorr  .         Harm     .     (no gloves)
MR     .....     Rnd*Rage +     s - +0 pair of boots
Stlth  ..........               (no amulet)
                                B - ring of ice
                                A - ring of see invisible

@: no status effects
A: retaliatory headbutt, fangs 1, horns 2, berserk 1, sense surroundings 2
a: Berserk, Trog's Hand, Brothers in Arms, Burn Spellbooks, Renounce Religion


You were on level 7 of the Dungeon.
You worshipped Trog.
Trog was greatly pleased with you.
You were not hungry.

You visited 1 branch of the dungeon, and saw 7 of its levels.

You collected 386 gold pieces.

Inventory:

Hand Weapons
 a - a +1 hand axe (weapon)
 d - a +2 whip of electrocution
Armour
 b - a +0 buckler (worn)
 s - a +0 pair of boots (worn)
 w - a +0 chain mail (worn)
 y - the +0 cloak of Hairiness (worn) {Int+6 Stlth+}
   (You found it on level 4 of the Dungeon)

   It affects your intelligence (+6).
   It makes you more stealthy.
Jewellery
 A - a ring of see invisible (left hand)
 B - a ring of ice (right hand)
Scrolls
 e - a scroll of magic mapping
 k - 2 scrolls of noise
 l - a scroll of recharging
 m - a scroll of identify
 t - a scroll of remove curse
Potions
 f - 3 potions of curing {unknown}
 h - a potion of cancellation
 o - a potion of magic
 r - a potion of cure mutation
 v - a potion of resistance
Comestibles
 c - 5 bread rations
 g - 6 meat rations
 i - 4 fruits
 j - a royal jelly
 n - 2 chunks of flesh


   Skills:
 - Level 3.6 Fighting
 * Level 11.0 Axes
 - Level 2.4 Armour
 - Level 2.1 Dodging


You had 6 spell levels left.
You didn't know any spells.

Dungeon Overview and Level Annotations

Branches:
Dungeon (7/15)             Temple (0/1) D:4

Altars:
Ashenzari
Cheibriados
Nemelex Xobeh
Sif Muna
The Shining One


Innate Abilities, Weirdness & Mutations

You reflexively headbutt those who attack you in melee.
You have a pair of horns on your head.
You have very sharp teeth.
You tend to lose your temper in combat.
You passively map the area around you.


Message History

The orc warrior is moderately wounded.
The orc warrior hits you with a long sword!!
You hear a shout! x2
You hit the orc warrior but do no damage.
You headbutt the orc warrior, but do no damage.
The orc warrior is moderately wounded.
The orc warrior hits you but does no damage.
The orc warrior hits you with a long sword.
* * * LOW HITPOINT WARNING * * *
You hit the orc warrior but do no damage.
You headbutt the orc warrior.
The orc warrior is heavily wounded.
The orc warrior hits you with a long sword.
* * * LOW HITPOINT WARNING * * *
You slash the orc warrior!
You headbutt the orc warrior, but do no damage.
Your bite misses the orc warrior.
The orc warrior is almost dead.
The orc warrior hits you with a long sword!
You die...

....8....# *,* *,*******
.........# *,* *,*
.._.....##***,**** *.#
........#*,,,,,,,* *.#
......#..[,,,,,,,* #.#
.!..######,,,,,,,* ####.##
###.## *,,,,,,,* #.....# #..#
***#.########..)..# ##.#
#ooo@..........#
####.#################.....##
.....................>......#
####..#######.########......#
##.# #.#....# #......# #.#
#.#....# ######.# #.##
###.#....# #.#
###..####........# #.#
#.†....##.....###########.##


You could see an orc warrior and 2 orcs.

Vanquished Creatures
  A bullfrog (D:7)
  3 bullfrog zombies
  An orc priest (D:6)
  3 hounds
  6 orc wizards
  2 iguanas
  3 worker ants
  A hound skeleton (D:5)
  4 gnolls (D:5)
  A howler monkey skeleton (D:5)
  9 adders
  5 worms
  A dart slug (D:1)
  2 leopard geckos
  28 orcs
  3 ball pythons
  13 bats
  3 giant cockroaches
  10 goblins
  6 hobgoblins
  14 jackals
  6 kobolds
  A quokka (D:2)
  3 frilled lizards
  A jackal skeleton (D:5)
  2 leopard gecko skeletons (D:4)
  A quokka zombie (D:7)
  7 rats
140 creatures vanquished.

Notes
Turn   | Place    | Note
-------+----------+-------------------------------------------
     0 | D:1      | timez0r the Minotaur Berserker began the quest for the Orb.
     0 | D:1      | Reached XP level 1. HP: 19/19 MP: 0/0
    10 | D:1      | Reached skill level 4 in Axes
    98 | D:1      | Reached XP level 2. HP: 25/26 MP: 1/1
   316 | D:1      | Reached ** piety under Trog
   316 | D:1      | Reached skill level 5 in Axes
   584 | D:1      | Reached XP level 3. HP: 31/31 MP: 2/2
   789 | D:2      | Reached XP level 4. HP: 32/39 MP: 3/3
   828 | D:2      | Reached skill level 6 in Axes
  1162 | D:2      | Found a glowing golden altar of the Shining One.
  1429 | D:3      | Reached *** piety under Trog
  1627 | D:3      | Reached XP level 5. HP: 28/45 MP: 4/4
  1800 | D:3      | Reached skill level 7 in Axes
  2486 | D:4      | Found a sparkling altar of Nemelex Xobeh.
  2600 | D:4      | Got a steaming cloak
  2611 | D:4      | Identified the +0 cloak of Hairiness {Int+6 Stlth+} (You found it on level 4 of the Dungeon)
  2678 | D:4      | Reached **** piety under Trog
  2685 | D:4      | Reached skill level 8 in Axes
  2737 | D:4      | Found a staircase to the Ecumenical Temple.
  3049 | D:4      | Reached XP level 6. HP: 51/51 MP: 5/5
  3251 | D:5      | Entered Level 5 of the Dungeon
  3264 | D:5      | Reached skill level 9 in Axes
  3624 | D:5      | Reached XP level 7. HP: 44/57 MP: 6/6
  4080 | D:6      | Reached skill level 10 in Axes
  4170 | D:6      | Found a deep blue altar of Sif Muna.
  5026 | D:7      | Got a brightly glowing leather armour
  5037 | D:7      | Identified the cursed +0 leather armour of Indecent Exposure {*Corrode rElec Dex+3 Slay+2} (You found it on level 7 of the Dungeon)
  5049 | D:7      | Found a snail-covered altar of Cheibriados.
  5049 | D:7      | Found a shattered altar of Ashenzari.
  5209 | D:7      | Gained mutation: You passively map a small area around you. [potion of mutation]
  5209 | D:7      | Gained mutation: You tend to lose your temper in combat. [potion of mutation]
  5209 | D:7      | Gained mutation: You passively map the area around you. [potion of mutation]
  5244 | D:7      | Reached skill level 11 in Axes
  5330 | D:7      | Gained mutation: You have very sharp teeth. [potion of beneficial mutation]
  5436 | D:7      | Slain by an orc warrior

Skill      XL: |  1  2  3  4  5  6  7 |
---------------+----------------------+-----
Axes           | 4 5 6 8 9 11 | 11.0
Fighting       | |  3.6
Armour         | |  2.4
Dodging        | |  2.1

Action                   |  1- 3 |  4- 6 |  7- 9 || total
-------------------------+-------+-------+-------++-------
Melee: Hand axe          |    67 |   220 |    96 ||   383
       Headbutt          |     9 |    36 |    24 ||    69
       Bite              |       |       |     3 ||     3
  Use: Scroll            |       |       |    18 ||    18
       Potion            |       |       |     2 ||     2
  Eat: Chunk             |       |     9 |       ||     9
       Meat ration       |       |       |     1 ||     1
       Pizza             |       |       |     1 ||     1
Armor: Animal skin       |     4 |       |       ||     4
       Leather armour    |    20 |    11 |     1 ||    32
       Chain mail        |       |    69 |    29 ||    98
       Ring mail         |       |     2 |       ||     2
Dodge: Dodged            |    59 |    76 |    30 ||   165
Block: Buckler           |     6 |    20 |     8 ||    34
